 Dungeon Crawl Stone Soup version 0.29-a0-542-g075992c915 (webtiles) character file.

Game seed: 187527459812778384

155 ZappyNine the Magician (level 5, -12/29 HPs)
             Began as a Deep Elf Earth Elementalist on June 3, 2022.
             Mangled by an ogre
             ... wielding a +0 giant club
              (15 damage)
             ... on level 4 of the Dungeon.
             The game lasted 00:08:01 (4397 turns).

ZappyNine the Magician (DEEE)                       Turns: 4397, Time: 00:08:02

Health: -12/29     AC:  3    Str:  5    XL:     5   Next: 14%
Magic:  14/14      EV: 13    Int: 22    God:
Gold:   216        SH:  5    Dex: 21    Spells: 5/13 levels left

rFire   . . .      SeeInvis .   j - staff of conjuration
rCold   . . .      Faith    .   (no shield)
rNeg    . . .      Spirit   .   b - +0 robe
rPois   .          Reflect  +   t - +0 helmet
rElec   .          Harm     .   (no cloak)
rCorr   .          Rampage  .   (no gloves)
Will    .....                   (no boots)
Stlth   ++........              k - amulet of reflection
HPRegen 0.09/turn               l - +6 ring of dexterity
MPRegen 0.14/turn               (no ring)

@: no status effects
A: no striking features
a: no special abilities


You were on level 4 of the Dungeon.
You visited 1 branch of the dungeon, and saw 4 of its levels.

You collected 216 gold pieces.

Inventory:

Hand Weapons
 h - a +0 dagger
Missiles
 a - 197 stones
Armour
 b - a +0 robe (worn)
 t - a +0 helmet (worn)
Magical Staves
 j - a staff of conjuration (weapon)
Jewellery
 k - an amulet of reflection (around neck)
 l - a +6 ring of dexterity (left hand)
 n - a ring of flight
 r - a ring of resist corrosion
Scrolls
 i - 4 scrolls of identify {unknown}
 p - 2 scrolls of magic mapping {unknown}
 q - a scroll of enchant armour {unknown}
 s - a scroll of fog {unknown}
Potions
 c - a potion of magic
 e - 4 potions of curing {unknown}
 f - a potion of haste {unknown}
 g - 2 potions of might {unknown}
 m - 2 potions of flight {unknown}
 o - 2 potions of heal wounds {unknown}
 u - a potion of attraction {unknown}


   Skills:
 - Level 1.3 Fighting
 + Level 3.0 Dodging
 - Level 2.4 Stealth
 + Level 4.6 Spellcasting
 + Level 3.2 Conjurations
 - Level 1.1 Transmutations
 - Level 3.4 Earth Magic


You had 5 spell levels left.
You knew the following spells:

 Your Spells              Type           Power      Damage    Failure   Level
a - Sandblast             Erth           40%        2d10      2%          1
b - Passwall              Tmut/Erth      12%        N/A       6%          2
c - Stone Arrow           Conj/Erth      58%        3d10      8%          3
d - Searing Ray           Conj           58%        2d6       4%          2

Your spell library contained the following spells:

 Spells                   Type           Power      Damage    Failure   Level
 Static Discharge         Conj/Air       18%        N/A       9%          2
 Dazzling Flash           Conj/Hex       36%        N/A       16%         3
 Petrify                  Tmut/Erth      15%        N/A       38%         4
 Fireball                 Conj/Fire      9%         3d6       83%         5
 Lightning Bolt           Conj/Air       9%         1d21      83%         5
 Blade Hands              Tmut           4%         N/A       88%         5
 Maxwell's Capacitive Co  Air            2%         ∞         100%        8


Dungeon Overview and Level Annotations

Branches:
Dungeon (4/15)
 Temple: D:4-7

Altars:


Message History

The quokka barely misses you.
Your magical contamination has completely faded away.
You closely miss the quokka. You block the quokka's attack.
You barely miss the quokka. The quokka closely misses you.
You barely miss the quokka. You punch the quokka, but do no damage.
The quokka barely misses you. The quokka closely misses you.
You closely miss the quokka. The quokka misses you.
You closely miss the quokka. The quokka bites you.
The quokka closely misses you.
You hit the quokka.
You blast the quokka.
The quokka is severely wounded.
The quokka bites you.
You hit the quokka.
The quokka is almost dead.
The quokka barely misses you. The quokka closely misses you.
You miss the quokka.
The quokka is almost dead.
The quokka bites you.
You closely miss the quokka.
The quokka is almost dead.
The quokka bites you but does no damage.
The quokka misses you.
You hit the quokka.
You kill the quokka!
You hit the ogre.
The ogre is lightly wounded.
The ogre hits you with a +0 giant club!
Ouch! That really hurt!
* * * LOW HITPOINT WARNING * * *
You are too injured to fight recklessly!
You are too injured to fight recklessly!
The ogre attacks as you move away! The ogre closely misses you.
Casting: Stone Arrow (quite dangerous; 8% risk of failure)
Confirm with . or Enter, or press ? or * to list all spells.
Okay, then.
It was a potion of cancellation.
You feel magically purged.
Found an onyx ring.
The ogre attacks as you move away! The ogre hits you with a +0 giant club!
Ouch! That really hurt!
You die...

..#.##.#####.#
..#.##.##
..#.##..#
..#.###.##
.......#.##
##....###.#####
##### #.#..
##....# #...
#....###.#.#.###.#
####.†#.###....@.#
#....##.###O#.#
#............#
#.....#####.#.#
#..#.## ....#
#..#.# .#....
....#.# .. .####
#.#.##.. .. ..
#.#.#### ... =##


You could see an ogre.

Vanquished Creatures
  An orc priest (D:3)
  3 adders (D:2)
  3 worms
  4 dart slugs
  8 orcs (D:3)
  5 ball pythons
  9 endoplasms
  3 giant cockroaches
  3 goblins
  4 hobgoblins
  3 kobolds
  4 quokkas
  4 bats
  3 frilled lizards
  20 rats
77 creatures vanquished.

Notes
Turn   | Place    | Note
-------+----------+-------------------------------------------
     0 | D:1      | ZappyNine the Deep Elf Earth Elementalist began the quest
                  | for the Orb.
     0 | D:1      | Reached XP level 1. HP: 10/10 MP: 6/6
   396 | D:1      | Reached XP level 2. HP: 9/16 MP: 6/8
   600 | D:1      | Reached skill level 1 in Fighting
   752 | D:1      | Found a faded altar of an unknown god.
  1029 | D:2      | Learned a level 2 spell: Passwall
  1033 | D:2      | Reached skill level 4 in Spellcasting
  1033 | D:2      | Reached XP level 3. HP: 20/20 MP: 5/10
  1037 | D:2      | Learned a level 3 spell: Stone Arrow
  1220 | D:2      | Reached skill level 1 in Conjurations
  2296 | D:2      | Reached XP level 4. HP: 21/25 MP: 12/12
  3353 | D:3      | Got Sif Muna's Tome of Unstable Confrontation
  3357 | D:3      | Learned a level 2 spell: Searing Ray
  3615 | D:3      | Reached XP level 5. HP: 29/29 MP: 4/13
  4372 | D:4      | Noticed an ogre
  4397 | D:4      | Mangled by an ogre

Illustrated notes

Levels and vault maps discovered:
D:1:      psy_arrival_dodecagon, layout_loops_cross, basic_ecumenical_altar
D:2:      layout_basic, minmay_misc_feat_secret_circle,
          corexii_leaking_fountain, amcnicky_mini_pool_small, minmay_rat_hole
D:3:      layout_loops_ring
D:4:      minmay_wonky_spiral, layout_loops_ring, mainiacjoe_overflow_alcove_2

Skill      XL: |  1  2  3  4 |
---------------+-------------+-----
Fighting       | 1 |  1.3
Spellcasting   | 4 |  4.6
Conjurations   | 2 3 |  3.2
Dodging        | 3 |  3.0
Stealth        | |  2.4
Transmutations | |  1.1
Earth Magic    | |  3.4

Action                   |  1- 3 |  4- 6 || total
-------------------------+-------+-------++-------
Melee: Dagger            |     8 |       ||     8
       Unarmed           |     2 |       ||     2
       Staff             |    55 |    66 ||   121
       Punch             |     2 |     2 ||     4
 Cast: Sandblast         |    28 |     2 ||    30
       Stone Arrow       |    11 |    20 ||    31
       Passwall          |     1 |       ||     1
  Use: Potion            |       |     1 ||     1
 Stab: Sleeping          |     1 |     3 ||     4
       Distracted        |     1 |     1 ||     2
Armor: Robe              |    15 |    13 ||    28
Dodge: Dodged            |    59 |    37 ||    96
Block: Other             |    23 |    19 ||    42
       Reflection        |     1 |       ||     1

Table legend: (Time is in decaauts)
 A = Elapsed time spent in this place.
 B = Non-inter-level travel time spent in this place.
 C = Inter-level travel time spent in this place.
 D = Time resting spent in this place.
 E = Time spent auto-exploring this place.
 F = Levels seen in this place.
 G = Mean time per level.
                   A        B        C        D        E       F      G
               +--------+--------+--------+--------+--------+-----+--------+
         Total |   4420 |   4341 |     79 |    991 |   2737 |   4 | 1105.0 |
       Dungeon |   4420 |   4341 |     79 |    991 |   2737 |   4 | 1105.0 |
               +--------+--------+--------+--------+--------+-----+--------+

Top non-repeatable levels by time:
     D:2: 2138 daAuts
     D:3: 1087 daAuts
     D:1: 1021 daAuts
     D:4: 172 daAuts
